 Dungeon Crawl Stone Soup version 0.22-a0-305-gd21a89c (webtiles) character file.

46 zero the Sneak (level 3, 0/16 HPs)
             Began as a Spriggan Enchanter on Mar 30, 2018.
             Slain by a hippogriff (8 damage)
             ... on level 3 of the Dungeon.
             The game lasted 00:02:20 (1929 turns).

zero the Sneak (Spriggan Enchanter)                 Turns: 1929, Time: 00:02:20

Health: 0/16       AC:  3    Str:  4    XL:     3   Next: 46%
Magic:  4/8        EV: 18    Int: 16    God:
Gold:   72         SH:  0    Dex: 17    Spells: 4/7 levels left

rFire    . . .     SeeInvis +   a - +2 dagger
rCold    . . .     Gourm    .   (shield restricted)
rNeg     . . .     Faith    .   b - +0 robe
rPois    .         Spirit   .   (helmet restricted)
rElec    .         Reflect  .   i - +0 cloak
rCorr    .         Harm     .   (gloves unavailable)
MR       .....                  (boots unavailable)
Stlth    +++.......             (no amulet)
HPRegen  0.05/turn              (no ring)
MPRegen  0.11/turn              (no ring)

@: very slightly contaminated, very quick
A: very small, unfitting armour, see invisible, herbivore, speed 3, slow
metabolism 2
a: no special abilities


You were on level 3 of the Dungeon.
You were not hungry.

You visited 1 branch of the dungeon, and saw 3 of its levels.

You collected 72 gold pieces.

Inventory:

Hand Weapons
 a - a +2 dagger (weapon)
Armour
 b - a +0 robe (worn)
 i - a +0 cloak (worn)
Potions
 c - a potion of flight {unknown}
 e - a potion of curing {unknown}
 f - a potion of might {unknown}
 g - a potion of brilliance {unknown}
 h - a potion of lignification {unknown}
Comestibles
 d - a ration


   Skills:
 + Level 2.7 Short Blades
 - Level 3.0 Dodging
 + Level 5.8 Stealth
 - Level 2.6 Spellcasting
 - Level 3.6 Hexes


You had 4 spell levels left.
You knew the following spells:

 Your Spells              Type           Power        Failure   Level  Hunger
a - Corona                Hex            ##.....      4%          1    #......
b - Ensorcelled Hibernat  Hex/Ice        #.....       14%         2    ##.....


Dungeon Overview and Level Annotations

Branches:
Dungeon (3/15)

Altars:


Innate Abilities, Weirdness & Mutations

You are very small and have problems with some larger weapons.
You are too small for most types of armour.
You have supernaturally acute eyesight. (SInv)
You are a herbivore.
You cover ground extremely quickly.
You need to consume almost no food.


Message History

Aim: a hippogriff (chance to defeat MR: 34%)
You miscast Ensorcelled Hibernation.
You are very lightly contaminated with residual magic.
A chill runs through your body.
Casting: Ensorcelled Hibernation (safe; 14% risk of failure)
Confirm with . or Enter, or press ? or * to list all spells.
Aiming: Ensorcelled Hibernation (safe; 14% risk of failure)
Press: ? - help, Shift-Dir - straight line, f/p - hippogriff
Aim: a hippogriff (chance to defeat MR: 34%)
The hippogriff looks drowsy...
The helpless hippogriff fails to defend itself.
You impale the hippogriff!!
The hippogriff is severely wounded.
The hippogriff misses you. The hippogriff barely misses you.
The hippogriff claws you.
There is a stone staircase leading up here.
The hippogriff bites you. The hippogriff barely misses you.
The hippogriff claws you!
Ouch! That really hurt!
You die...

. #.#..# #.
#.#..#
#.##.#..#
#.......#
#..#.#..# #
#.......#
#.#..#....#
#.....H@..#
#.........#
#....#....#
#.#.......#
# #..#.#..#
##.#.#..#
#...#..#
#......#
#.... .#


You could see a hippogriff.

Vanquished Creatures
  A gnoll (D:1)
  2 dart slugs (D:1)
  A ball python (D:1)
  2 giant cockroaches (D:1)
  4 goblins (D:1)
  6 hobgoblins
  4 jackals (D:1)
  2 kobolds
  A quokka (D:2)
  A bat (D:1)
  3 frilled lizards (D:1)
  4 rats
31 creatures vanquished.

Notes
Turn   | Place    | Note
-------+----------+-------------------------------------------
     0 | D:1      | zero the Spriggan Enchanter began the quest for the Orb.
     0 | D:1      | Reached XP level 1. HP: 9/9 MP: 5/5
   298 | D:1      | Reached XP level 2. HP: 7/13 MP: 4/6
   309 | D:1      | Reached skill level 5 in Stealth
   482 | D:1      | Learned a level 2 spell: Ensorcelled Hibernation
  1174 | D:1      | Reached XP level 3. HP: 16/16 MP: 8/8
  1918 | D:3      | Noticed a hippogriff
  1929 | D:3      | Slain by a hippogriff

Vault maps used:
D:1:      sevenhm_arrival_forest_fort_large_1, minmay_misc_feat_rugged
D:2:      corexii_hall_statues_u
D:3:      minmay_door_path, corner_web_ring,
          hangedman_abyss_or_decor_lesser_grid

Skill      XL: |  1  2 |
---------------+-------+-----
Stealth        | 5 |  5.8
Short Blades   | 2 |  2.7
Dodging        | |  3.0
Spellcasting   | |  2.6
Hexes          | |  3.6

Action                   || total
-------------------------++-------
Melee: Dagger            ||   113
 Cast: Corona            ||     6
       Ensorcelled Hiber ||     8
  Use: Scroll            ||     1
 Stab: Sleeping          ||    14
       Distracted        ||     1
Armor: Robe              ||     7
Dodge: Dodged            ||    80

Table legend:
 A = Spawn XP
 B = Non-spawn XP
 C = Spawn XP percentage of total XP
 D = Spawn monster count
 E = Non-spawn monster count
 F = Spawn count percentage of total count
 G = Total turns spent on level
                    A         B        C        D         E        F      G
               +---------+---------+-------+---------+---------+-------+---------
         Total |       0 |      67 |   0.0 |       0 |      31 |   0.0 |  1929
               +---------+---------+-------+---------+---------+-------+---------
           D:1 |       0 |      61 |   0.0 |       0 |      27 |   0.0 |  1835
           D:2 |       0 |       6 |   0.0 |       0 |       4 |   0.0 |    83
               +---------+---------+-------+---------+---------+-------+---------
